 Dungeon Crawl Stone Soup version 0.30.0-20-g3615ddf2f0 (webtiles) character file.

Game seed: 6571625400935480067

1008 qw the Blocker (level 8, -4/46 HPs)
             Began as a Gargoyle Fighter on May 27, 2023.
             Slain by Pikel
             ... wielding a +0 whip of flaming
              (5 damage)
             ... on level 5 of the Dungeon.
             The game lasted 00:02:14 (4565 turns).

qw the Blocker (Gargoyle Fighter)                   Turns: 4565, Time: 00:02:15

Health: -4/46      AC: 17    Str: 23    XL:     8   Next: 20%
Magic:  8/8        EV:  6    Int:  8    God:
Gold:   271        SH: 14    Dex:  9    Spells: 7/7 levels left

rFire   . . .        Y - +0 war axe
rCold   . . .        g - +0 tower shield
rNeg    + . .        f - +0 chain mail
rPois   inf          i - +0 helmet
rElec   +            (no cloak)
rCorr   .            (no gloves)
SInv    .            h - +0 pair of boots
Will    .....        (no amulet) Stlth
                     (no ring)
HPRegen 0.27/turn    (no ring)
MPRegen 0.11/turn

%: no passive effects
@: no status effects
A: sickness immunity, AC +5, negative energy resistance 1, electricity
resistance, torment resistance 1, petrification resistance
a: no special abilities


You were on level 5 of the Dungeon.
You visited 2 branches of the dungeon, and saw 6 of its levels.

You collected 271 gold pieces.


Innate Abilities, Weirdness & Mutations

You are immune to sickness and miasma.
Your stone body is resilient. (AC +5)
You are immune to poison.
You resist negative energy. (rN+)
You are resistant to electric shocks. (rElec)
You are resistant to unholy torment.
You are immune to petrification.


   Skills:
 - Level 3.2 Fighting
 - Level 5.2 Axes
 - Level 1.0 Throwing
 - Level 3.2 Armour
 + Level 8.8 Shields


You had 7 spell levels left.
You didn't know any spells.
Your spell library was empty.

Inventory:

Hand Weapons
 l - a +0 flail
 Y - a +0 war axe (weapon)
Armour
 f - a +0 chain mail (worn)
 g - a +0 tower shield (worn)
 h - a +0 pair of boots (worn)
 i - a +0 helmet (worn)
Potions
 a - a potion of magic {unknown}
 b - a potion of haste {unknown}
 c - a potion of lignification
 d - 2 potions of might
 e - 3 potions of curing
 j - a potion of invisibility {unknown}
 k - a potion of ambrosia {unknown}
 o - a potion of brilliance {unknown}

Dungeon Overview and Level Annotations

Branches:
Dungeon (5/15)             Temple (1/1) D:5

Altars:
Dithmenos
Elyvilon
Fedhas
Gozag
Makhleb
Nemelex Xobeh
Qazlal
Ru
Sif Muna
Trog
Xom
Yredelemnul

Annotations:
D:4 1 runed translucent door, Crazy Yiuf
D:5 Pikel


Message History

Pikel is lightly wounded.
You hit the lemure but do no damage. You barely miss the lemure.
The lemure hits you but does no damage. You block Pikel's attack.
You block the lemure's attack.
You closely miss Pikel.
Pikel is lightly wounded.
You hit the lemure. You closely miss the lemure. Pikel barely misses you.
You block the lemure's attack. The lemure hits you but does no damage.
You closely miss Pikel.
Pikel is lightly wounded.
You barely miss the lemure. You hit the lemure.
Pikel hits you but does no damage. You block the lemure's attack. x2
Pikel hits you but does no damage.
The lemure hits you but does no damage. x2
You closely miss Pikel.
Pikel is lightly wounded.
You closely miss the lemure. You completely miss the lemure.
Pikel says, "You'll feel the lick of my whip!"
Pikel hits you with a +0 whip of flaming.
Pikel burns you.
The lemure hits you but does no damage. x2
You hit Pikel but do no damage.
Pikel is lightly wounded.
You barely miss the lemure. x2
Pikel hits you with a +0 whip of flaming.
Pikel burns you.
You block the lemure's attack. x2; The lemure hits you.
The lemure barely misses you. Pikel closely misses you.
You miss Pikel.
Pikel is lightly wounded.
You hit the lemure but do no damage. You slash the lemure!
You block Pikel's attack.
The lemure hits you but does no damage. x2
You slash the lemure!
You kill the lemure!
That felt strangely unrewarding.
You closely miss the lemure. You hit Pikel but do no damage.
You block the lemure's attack.
Pikel says, "You'll feel the lick of my whip!"
Pikel hits you with a +0 whip of flaming!
Pikel burns you. You block the lemure's attack.
Pikel hits you with a +0 whip of flaming.
You die...

#............ #
#..##..##..## #
#####..##..##..# #
#.......#..'...# ....
#.......#..#...#.....
#####...#..#...#.....
#...#..#...#.....
##'#######'##.....
#@................
#K5..>............
#5................
#.................
.....########.....
......# #.....
.((...# #.....
.....<.#+######.....
..............


You could see Pikel and 2 lemures.

Vanquished Creatures
  Grinder (D:5)
  An ogre (D:4)
  2 centaurs
  A phantom (D:5)
  2 lemures (D:5)
  A bullfrog (D:5)
  A howler monkey (D:4)
  A jelly (D:5)
  2 orc priests (D:4)
  A sleepcap (D:5)
  Robin (D:2)
  4 gnolls (D:4)
  9 adders
  A white imp (D:5)
  2 worms
  2 dart slugs
  12 orcs
  9 ball pythons
  8 bats
  9 endoplasms
  3 giant cockroaches
  15 goblins
  13 hobgoblins
  6 jackals
  14 kobolds
  3 quokkas
  4 frilled lizards
  5 rats
133 creatures vanquished.

Notes
Turn   | Place    | Note
-------+----------+-------------------------------------------
     0 | D:1      | qw the Gargoyle Fighter began the quest for the Orb.
     0 | D:1      | Reached XP level 1. HP: 14/14 MP: 1/1
     0 | D:1      | 0 ||| qw: Version: 0.2-a-99-gce666ed
     0 | D:1      | 0 ||| qw: Game counter: 112
     0 | D:1      | 0 ||| qw: Always use a shield: true
     0 | D:1      | 0 ||| qw: God list: Okawaru
     0 | D:1      | 0 ||| qw: Allow faded altars: false
     0 | D:1      | 0 ||| qw: Do Orc after D:15 true
     0 | D:1      | 0 ||| qw: Do second Lair branch before Depths: true
     0 | D:1      | 0 ||| qw: Lair rune preference: random
     0 | D:1      | 0 ||| qw: Plans: Normal, Zot:1-4, God:TSO, Crypt, Tomb,
                  | Pan, Slime:5, Hells, Abyss, Win
     0 | D:1      | 0 ||| PLANNING D:1-11
   380 | D:1      | 380 ||| Stepping ~*~*~tactically~*~*~ (stealth).
   386 | D:1      | Reached XP level 2. HP: 19/19 MP: 2/2
   658 | D:1      | 658 ||| Stepping ~*~*~tactically~*~*~ (hiding).
   659 | D:1      | 659 ||| Stepping ~*~*~tactically~*~*~ (hiding).
   668 | D:1      | Reached skill level 3 in Axes
   826 | D:1      | Reached XP level 3. HP: 23/23 MP: 3/3
  1173 | D:1      | 1173 ||| READING scroll labelled CAHYBO ONOSUKH.
  1174 | D:1      | 1174 ||| READING scroll labelled BIUFFE FEMASKO.
  1175 | D:1      | 1175 ||| READING 2 scrolls labelled CISHUO YGEZAEV.
  1176 | D:1      | 1176 ||| READING scroll labelled VORERE GUELI.
  1180 | D:1      | 1180 ||| DROPPING scroll of magic mapping.
  1220 | D:2      | 1220 ||| STAIRDANCE
  1225 | D:1      | Reached skill level 1 in Throwing
  1454 | D:2      | 1454 ||| Stepping ~*~*~tactically~*~*~ (stealth).
  1563 | D:2      | Reached XP level 4. HP: 28/28 MP: 4/4
  1563 | D:2      | 1563 ||| Stepping ~*~*~tactically~*~*~ (stealth).
  1763 | D:2      | 1763 ||| Stepping ~*~*~tactically~*~*~ (stealth).
  1764 | D:2      | Noticed Robin
  1784 | D:2      | Killed Robin
  1883 | D:2      | 1883 ||| UPGRADING to +0 tower shield.
  1893 | D:2      | 1893 ||| DROPPING +0 buckler.
  1894 | D:2      | 1894 ||| UPGRADING to +0 helmet.
  1899 | D:2      | 1899 ||| READING scroll labelled DASAFY XUNUELUS.
  1957 | D:3      | 1957 ||| Stepping ~*~*~tactically~*~*~ (stealth).
  2089 | D:3      | Reached XP level 5. HP: 29/32 MP: 5/5
  2124 | D:3      | 2124 ||| Stepping ~*~*~tactically~*~*~ (hiding).
  2226 | D:3      | 2226 ||| Stepping ~*~*~tactically~*~*~ (hiding).
  2266 | D:3      | Reached skill level 4 in Shields
  2271 | D:3      | You fall into a shaft and drop 1 floor!
  2358 | D:4      | Noticed an ogre
  2366 | D:4      | Killed an ogre
  2367 | D:4      | Reached skill level 5 in Shields
  2367 | D:4      | Reached XP level 6. HP: 37/37 MP: 6/6
  2367 | D:4      | 2367 ||| READING scroll labelled RESIUZ UROST.
  2386 | D:3      | 2386 ||| Stepping ~*~*~tactically~*~*~ (hiding).
  2388 | D:3      | 2388 ||| Stepping ~*~*~tactically~*~*~ (hiding).
  2598 | D:3      | Reached skill level 6 in Shields
  2660 | D:3      | 2660 ||| UPGRADING to +0 pair of boots.
  2782 | D:4      | 2782 ||| DROPPING +0 whip.
  2859 | D:4      | 2859 ||| Stepping ~*~*~tactically~*~*~ (stealth).
  2878 | D:4      | HP: 2/37 [orc priest/divine providence (13)]
  3201 | D:4      | Reached XP level 7. HP: 33/41 MP: 7/7
  3263 | D:4      | Found a runed translucent door.
  3264 | D:4      | Noticed Crazy Yiuf
  3312 | D:4      | Reached skill level 7 in Shields
  3512 | D:4      | 3512 ||| Stepping ~*~*~tactically~*~*~ (stealth).
  3514 | D:4      | 3514 ||| Stepping ~*~*~tactically~*~*~ (hiding).
  3774 | D:4      | 3774 ||| UPGRADING to +0 chain mail.
  3784 | D:4      | 3784 ||| DROPPING +0 scale mail.
  3785 | D:4      | 3785 ||| DROPPING amulet of magic regeneration.
  3786 | D:4      | 3786 ||| READING scroll labelled LIQEELASKY.
  3787 | D:4      | 3787 ||| READING scroll labelled ROLOOGG WYCIN.
  3888 | D:4      | 3888 ||| DRINKING 2 murky red potions.
  3985 | D:5      | Entered Level 5 of the Dungeon
  3988 | D:5      | Noticed Grinder
  4005 | D:5      | Killed Grinder
  4006 | D:5      | Reached skill level 8 in Shields
  4096 | D:5      | 4096 ||| Stepping ~*~*~tactically~*~*~ (hiding).
  4098 | D:5      | 4098 ||| Stepping ~*~*~tactically~*~*~ (hiding).
  4100 | D:5      | 4100 ||| Stepping ~*~*~tactically~*~*~ (hiding).
  4102 | D:5      | 4102 ||| Stepping ~*~*~tactically~*~*~ (hiding).
  4219 | D:5      | 4219 ||| Stepping ~*~*~tactically~*~*~ (hiding).
  4228 | D:5      | Reached XP level 8. HP: 43/46 MP: 8/8
  4310 | D:5      | Found a staircase to the Ecumenical Temple.
  4311 | D:5      | 4311 ||| PLANNING TEMPLE
  4320 | Temple   | Entered the Ecumenical Temple
  4392 | Temple   | 4392 ||| PLANNING D:1-11
  4547 | D:5      | Noticed Pikel
  4548 | D:5      | 4548 ||| Stepping ~*~*~tactically~*~*~ (stealth).
  4553 | D:5      | 4553 ||| Stepping ~*~*~tactically~*~*~ (stealth).
  4565 | D:5      | HP: 4/46 [Pikel/+0 whip of flaming (9)]
  4565 | D:5      | HP: 1/46 [Pikel/+0 whip of flaming (3)]
  4565 | D:5      | Slain by Pikel

Levels and vault maps discovered:
D:1:      roderic_crop_circles_arrival_small, layout_basic,
          minmay_misc_feat_hallway
D:2:      layout_loops_ring, uniq_robin
D:3:      layout_basic, hangedman_abyss_or_decor_lesser_grid,
          minmay_quadrilaterals
D:4:      layout_basic, grunt_ministairs_7, uniq_crazy_yiuf_cottage
D:5:      layout_gridville, minmay_temple_entry_statues_fountains, uniq_pikel,
          uniq_grinder
Temple:   nicolae_temple_hex_pool

Skill      XL: |  1  2  3  4  5  6  7 |
---------------+----------------------+-----
Axes           | 2 3 4 5 |  5.2
Throwing       | 1 |  1.0
Shields        | 5 6 8 |  8.8
Fighting       | |  3.2
Armour         | |  3.2

Action                     |  1- 3 |  4- 6 |  7- 9 || total
---------------------------+-------+-------+-------++-------
  Melee: War axe           |    97 |   192 |   119 ||   408
  Throw: Javelin           |    19 |    42 |    14 ||    75
    Use: Scroll            |     4 |     2 |     2 ||     8
         Potion            |       |       |     1 ||     1
 Armour: Scale mail        |    56 |    91 |    17 ||   164
         Chain mail        |       |       |    49 ||    49
  Dodge: Dodged            |    39 |    53 |    22 ||   114
  Block: Buckler           |    20 |     5 |       ||    25
         Tower shield      |       |   109 |   112 ||   221

Table legend:
 A = Non-vault XP
 B = Vault XP
 C = Vault XP percentage of total XP
 D = Non-vault monster count
 E = Vault monster count
 F = Vault count percentage of total count
                 A         B        C        D         E       F
            +---------+---------+-------+---------+---------+-------
      Total |    1109 |     331 |  23.0 |     108 |      23 |  17.6
            +---------+---------+-------+---------+---------+-------
        D:1 |      38 |       0 |   0.0 |      21 |       0 |   0.0
        D:2 |      65 |      37 |  36.3 |      25 |      13 |  34.2
        D:3 |     156 |      11 |   6.6 |      14 |       7 |  33.3
        D:4 |     428 |       2 |   0.5 |      39 |       2 |   4.9
        D:5 |     422 |     281 |  40.0 |       9 |       1 |  10.0
            +---------+---------+-------+---------+---------+-------
